Selects Battlefield Espionage Battlegroup
Construct Light Support Kompanie
Selects Intel Disruption Beacon
le.IG 18 Mechanized Group
Selects 250/3 Funkpanzerwagen
Construct Panzerarmee Kommand
Pak 38 Anti-tank Gun Team
Selects Anti-Tank Incendiary Munitions
Flak 36 Anti-tank Gun Team
Selects Operation Skorpion
Selects Operation Skorpion
Walking Stuka Rocket Launcher